TOP OF THE 1ST |
Greenville Drive batting - Pitching for Beloit Snappers : LHP Sean Zech
|
Pitching: LHP Sean Zech
|
|
Batting: RHB David Norum
|
0-0: Called Strike 0-1: Reaches on Catchers interference
|
Batting: SHB Carter Cromsie
|
0-0: Hit by Pitch David Norum to second
|
Batting: RHB Larry Brocato
|
0-0: Ball 1-0: Swinging Strike 1-1: Fly out, F9 (Line Drive, 9, EV 105.6 MPH)
|
Batting: RHB Joe Sandoval
|
0-0: Called Strike 0-1: Ball David Norum steals 3rd base (no throw) Carter Cromsie to second 1-1: Swinging Strike 1-2: Ball 2-2: Ball 3-2: Strikes out swinging
|
Batting: RHB Ted Emmerich
|
0-0: SINGLE (Groundball, 4M, EV 101.9 MPH) (infield hit) David Norum scores Carter Cromsie to third
|
Batting: LHB Nelis Geurts
|
0-0: Called Strike 0-1: Ground out 4-3 (Groundball, 34, EV 90.0 MPH)
|
Top of the 1st over - 1 run, 1 hit, 1 error, 2 left on base; Greenville 1 - Beloit 0 |
BOTTOM OF THE 1ST |
Beloit Snappers batting - Pitching for Greenville Drive : RHP Graham Jackson
|
Pitching: RHP Graham Jackson
|
|
Batting: SHB Robert Santiago
|
0-0: Ball 1-0: Ball 2-0: Ball 3-0: Base on Balls
|
Batting: LHB Angel Sanchez
|
0-0: Ball 1-0: Ball 2-0: Ball 3-0: Called Strike 3-1: Called Strike 3-2: Foul Ball, location: 2F 3-2: Base on Balls Robert Santiago to second
|
Batting: LHB Henry Hutson
|
0-0: Ball 1-0: Ball 2-0: Foul Ball, location: 2F 2-1: Foul Ball, location: 2F 2-2: Foul Ball, location: 2F 2-2: Grounds into double play, 4-6-3 (Groundball, 4, EV 88.8 MPH) Robert Santiago to third
|
Batting: SHB John Cummings
|
0-0: Swinging Strike 0-1: 2-RUN HOME RUN (Flyball, 9LD, EV 93.1 MPH), Distance : 340 ft
|
Batting: RHB Casey Nicita
|
0-0: Ball 1-0: Ball 2-0: Called Strike 2-1: Foul Ball, location: 2F 2-2: Foul Ball, location: 2F 2-2: Strikes out swinging
|
Bottom of the 1st over - 2 runs, 1 hit, 0 errors, 0 left on base; Greenville 1 - Beloit 2 |
TOP OF THE 2ND |
Greenville Drive batting - Pitching for Beloit Snappers : LHP Sean Zech
|
Batting: LHB John Criswell
|
0-0: Foul Ball, location: 2F 0-1: Ball 1-1: Ball 2-1: Foul Ball, location: 2F 2-2: Foul Ball, location: 2F 2-2: Ball 3-2: Ground out 6-3 (Groundball, 56, EV 95.0 MPH)
|
Batting: RHB Mike Batko
|
0-0: Ball 1-0: Foul Ball, location: 2F 1-1: Ball 2-1: Ball 3-1: Base on Balls
|
Batting: RHB Josh Helman
|
0-0: Ball 1-0: SINGLE (Groundball, 3D, EV 98.1 MPH) Mike Batko to second Runner from 2nd tries for 3rd, SAFE, throw by RF made to third
|
Batting: RHB David Norum
|
0-0: Swinging Strike 0-1: Called Strike 0-2: Strikes out looking
|
Batting: SHB Carter Cromsie
|
0-0: Called Strike 0-1: Hit by Pitch Josh Helman to second
|
Batting: RHB Larry Brocato
|
0-0: Called Strike 0-1: Ball 1-1: Ball 2-1: GRAND SLAM HOME RUN (Flyball, 7D, EV 96.2 MPH), Distance : 371 ft
|
Batting: RHB Joe Sandoval
|
0-0: Foul Ball, location: 2F 0-1: Ball 1-1: Foul Ball, location: 2F 1-2: Ball 2-2: Foul Ball, location: 2F 2-2: Strikes out swinging
|
Top of the 2nd over - 4 runs, 2 hits, 0 errors, 0 left on base; Greenville 5 - Beloit 2 |
BOTTOM OF THE 2ND |
Beloit Snappers batting - Pitching for Greenville Drive : RHP Graham Jackson
|
Batting: RHB Josh Whaley
|
0-0: Ball 1-0: SINGLE (Line Drive, 8LS, EV 107.5 MPH)
|
Batting: LHB Larry Prey
|
0-0: Called Strike 0-1: Called Strike 0-2: Ball 1-2: Ball 2-2: Ball 3-2: Fly out, F9 (Flyball, 89S, EV 91.2 MPH)
|
Batting: RHB Rick Linders
|
0-0: Ball 1-0: Foul Ball, location: 2F 1-1: Called Strike 1-2: Strikes out swinging
|
Batting: RHB Hidetada Iba
|
0-0: Called Strike 0-1: Ball 1-1: Swinging Strike 1-2: Strikes out swinging
|
Bottom of the 2nd over - 0 runs, 1 hit, 0 errors, 1 left on base; Greenville 5 - Beloit 2 |
TOP OF THE 3RD |
Greenville Drive batting - Pitching for Beloit Snappers : LHP Sean Zech
|
Batting: RHB Ted Emmerich
|
0-0: Ball 1-0: Called Strike 1-1: Ball 2-1: Called Strike 2-2: Strikes out looking
|
Batting: LHB Nelis Geurts
|
0-0: Ball 1-0: Called Strike 1-1: Ground out 5-3 (Groundball, 56, EV 105.0 MPH)
|
Batting: LHB John Criswell
|
0-0: Ball 1-0: DOUBLE (Groundball, 5L, EV 98.8 MPH)
|
Batting: RHB Mike Batko
|
0-0: Ball 1-0: Ball 2-0: Ball 3-0: Called Strike 3-1: Fly out, F8 (Flyball, 78M, EV 75.6 MPH)
|
Top of the 3rd over - 0 runs, 1 hit, 0 errors, 1 left on base; Greenville 5 - Beloit 2 |
BOTTOM OF THE 3RD |
Beloit Snappers batting - Pitching for Greenville Drive : RHP Graham Jackson
|
Batting: SHB Robert Santiago
|
0-0: Ball 1-0: SINGLE (Flyball, 8RS, EV 90.6 MPH)
|
Batting: LHB Angel Sanchez
|
0-0: SINGLE (Groundball, 34S, EV 87.5 MPH) (infield hit) Robert Santiago to second
|
Batting: LHB Henry Hutson
|
0-0: Ball 1-0: Called Strike 1-1: Called Strike 1-2: Ball 2-2: Foul Ball, location: 2F 2-2: Ball 3-2: Strikes out swinging
|
Batting: SHB John Cummings
|
0-0: Ball Robert Santiago is caught stealing 3rd base 2-5 Angel Sanchez to second 1-0: Fly out, F8 (Flyball, 8LXD, EV 93.1 MPH)
|
Bottom of the 3rd over - 0 runs, 2 hits, 0 errors, 1 left on base; Greenville 5 - Beloit 2 |
TOP OF THE 4TH |
Greenville Drive batting - Pitching for Beloit Snappers : LHP Sean Zech
|
Pitching: RHP Eddie Carrasco
|
|
Batting: RHB Josh Helman
|
0-0: Ball 1-0: Called Strike 1-1: Swinging Strike 1-2: Foul Ball, location: 2F 1-2: Strikes out swinging
|
Batting: RHB David Norum
|
0-0: Ball 1-0: Called Strike 1-1: Ball 2-1: Ball 3-1: Base on Balls
|
Batting: SHB Carter Cromsie
|
0-0: Ball 1-0: Fly out, F7 (Flyball, 7S, EV 80.6 MPH)
|
Batting: RHB Larry Brocato
|
0-0: SINGLE (Groundball, 25, EV 68.8 MPH) (infield hit) David Norum to second
|
Batting: RHB Joe Sandoval
|
0-0: Ball 1-0: Foul Ball, location: 2F 1-1: Foul Ball, location: 2F 1-2: Ball 2-2: Ball 3-2: Strikes out swinging
|
Top of the 4th over - 0 runs, 1 hit, 0 errors, 2 left on base; Greenville 5 - Beloit 2 |
BOTTOM OF THE 4TH |
Beloit Snappers batting - Pitching for Greenville Drive : RHP Graham Jackson
|
Batting: RHB Casey Nicita
|
0-0: Ball 1-0: Ball 2-0: Foul Ball, location: 2F 2-1: Ground out 6-3 (Groundball, 6, EV 86.9 MPH)
|
Batting: RHB Josh Whaley
|
0-0: Ball 1-0: Fly out, F8 (Flyball, 8RD, EV 100.0 MPH)
|
Batting: LHB Larry Prey
|
0-0: Ball 1-0: Foul Ball, location: 2F 1-1: Ball 2-1: Ground out 1-3 (Groundball, 13, EV 64.4 MPH)
|
Bottom of the 4th over - 0 runs, 0 hits, 0 errors, 0 left on base; Greenville 5 - Beloit 2 |
TOP OF THE 5TH |
Greenville Drive batting - Pitching for Beloit Snappers : RHP Eddie Carrasco
|
Batting: RHB Ted Emmerich
|
0-0: Ball 1-0: Swinging Strike 1-1: Ball 2-1: Ball 3-1: SINGLE (Line Drive, 6MD, EV 96.2 MPH)
|
Batting: LHB Nelis Geurts
|
0-0: Ball 1-0: Ball 2-0: Ball 3-0: Called Strike 3-1: Swinging Strike 3-2: Base on Balls Ted Emmerich to second
|
Batting: LHB John Criswell
|
0-0: Ball 1-0: Foul Ball, location: 2F 1-1: Swinging Strike 1-2: Strikes out swinging
|
Batting: RHB Mike Batko
|
0-0: Foul Ball, location: 2F 0-1: Ball 1-1: Swinging Strike 1-2: Strikes out swinging
|
Batting: RHB Josh Helman
|
0-0: Called Strike 0-1: Swinging Strike 0-2: Ball 1-2: Ground out 1-3 (Groundball, 34S, EV 69.4 MPH)
|
Top of the 5th over - 0 runs, 1 hit, 0 errors, 2 left on base; Greenville 5 - Beloit 2 |
BOTTOM OF THE 5TH |
Beloit Snappers batting - Pitching for Greenville Drive : RHP Graham Jackson
|
Batting: RHB Rick Linders
|
0-0: Fly out, F9 (Flyball, 9, EV 78.8 MPH)
|
Batting: RHB Hidetada Iba
|
0-0: Ball 1-0: Foul Ball, location: 2F 1-1: Swinging Strike 1-2: Ball 2-2: Ground out 5-3 (Groundball, 56, EV 109.4 MPH)
|
Batting: SHB Robert Santiago
|
0-0: Foul Ball, location: 2F 0-1: Ball 1-1: Ball 2-1: SINGLE (Line Drive, 7S, EV 98.1 MPH)
|
Batting: LHB Angel Sanchez
|
0-0: Foul Ball, location: 2F 0-1: Ball 1-1: Ball 2-1: Fielders Choice at 2nd, U6 (Groundball, 4, EV 78.1 MPH)
|
Bottom of the 5th over - 0 runs, 1 hit, 0 errors, 1 left on base; Greenville 5 - Beloit 2 |
TOP OF THE 6TH |
Greenville Drive batting - Pitching for Beloit Snappers : RHP Eddie Carrasco
|
Batting: RHB David Norum
|
0-0: Ball 1-0: Called Strike 1-1: Swinging Strike 1-2: Ball 2-2: Strikes out swinging
|
Batting: SHB Carter Cromsie
|
0-0: Ball 1-0: Foul Ball, location: 2F 1-1: Foul Ball, location: 2F 1-2: Foul Ball, location: 2F 1-2: SINGLE (Groundball, 6MD, EV 105.0 MPH)
|
Batting: RHB Larry Brocato
|
0-0: Fielders Choice at 2nd, 6-4 (Groundball, 6M, EV 79.4 MPH)
|
Batting: RHB Joe Sandoval
|
0-0: Ball 1-0: Ball 2-0: Ball 3-0: Base on Balls Larry Brocato to second
|
Pitching: RHP Alec Bassett
|
|
Batting: RHB Ted Emmerich
|
0-0: Ball 1-0: Ball 2-0: Ball 3-0: Called Strike 3-1: Foul Ball, location: 2F 3-2: Foul Ball, location: 2F 3-2: SINGLE (Flyball, 4D, EV 96.2 MPH) Larry Brocato to third Joe Sandoval to second Larry Brocato scores Joe Sandoval to third
|
Batting: LHB Nelis Geurts
|
0-0: Foul Ball, location: 2F 0-1: Ball Wild Pitch! Joe Sandoval scores Ted Emmerich to second 1-1: Fly out, F8 (Flyball, 8RD, EV 89.4 MPH)
|
Top of the 6th over - 2 runs, 2 hits, 0 errors, 1 left on base; Greenville 7 - Beloit 2 |
BOTTOM OF THE 6TH |
Beloit Snappers batting - Pitching for Greenville Drive : RHP Graham Jackson
|
Batting: LHB Henry Hutson
|
0-0: Ball 1-0: Called Strike 1-1: Ball 2-1: Fly out, F8 (Flyball, 8LD, EV 98.1 MPH)
|
Batting: SHB John Cummings
|
0-0: Foul Ball, location: 2F 0-1: Called Strike 0-2: Foul Ball, location: 2F 0-2: Ball 1-2: Ball 2-2: Strikes out swinging
|
Batting: RHB Casey Nicita
|
0-0: Ground out 5-3 (Groundball, 5, EV 101.9 MPH)
|
Bottom of the 6th over - 0 runs, 0 hits, 0 errors, 0 left on base; Greenville 7 - Beloit 2 |
TOP OF THE 7TH |
Greenville Drive batting - Pitching for Beloit Snappers : RHP Alec Bassett
|
Batting: LHB John Criswell
|
0-0: Ball 1-0: Foul Ball, location: 2F 1-1: Called Strike 1-2: Ball 2-2: Ball 3-2: Fly out, F7 (Flyball, 7LD, EV 103.8 MPH)
|
Batting: RHB Mike Batko
|
0-0: Foul Ball, location: 2F 0-1: Ball 1-1: Foul Ball, location: 2F 1-2: Foul Ball, location: 2F 1-2: Foul Ball, location: 2F 1-2: Ball 2-2: Strikes out swinging
|
Batting: RHB Josh Helman
|
0-0: Ball 1-0: Called Strike 1-1: Foul Ball, location: 2F 1-2: Fly out, F7 (Flyball, 7D, EV 99.4 MPH)
|
Top of the 7th over - 0 runs, 0 hits, 0 errors, 0 left on base; Greenville 7 - Beloit 2 |
BOTTOM OF THE 7TH |
Beloit Snappers batting - Pitching for Greenville Drive : RHP Graham Jackson
|
Batting: RHB Josh Whaley
|
0-0: Called Strike 0-1: Called Strike 0-2: DOUBLE (Line Drive, 5D, EV 99.4 MPH)
|
Pitching: LHP Chris Deans
|
|
Batting: LHB Larry Prey
|
0-0: Ball 1-0: Foul Ball, location: 2F 1-1: Ball 2-1: Ball 3-1: Base on Balls
|
Batting: RHB Rick Linders
|
0-0: Ball 1-0: Ball 2-0: Ball 3-0: Called Strike 3-1: Base on Balls Josh Whaley to third Larry Prey to second
|
Batting: RHB Hidetada Iba
|
0-0: Ball 1-0: Ball 2-0: Foul Ball, location: 2F 2-1: Fielders Choice at 2nd, 3-6 (Groundball, 3S, EV 81.2 MPH) Josh Whaley scores Larry Prey to third
|
Batting: SHB Robert Santiago
|
0-0: Fielders Choice at 2nd, 6-4 (Groundball, 6, EV 103.8 MPH) Larry Prey scores
|
Batting: LHB Angel Sanchez
|
0-0: Ball 1-0: Ground out 6-3 (Groundball, 4S, EV 86.9 MPH)
|
Bottom of the 7th over - 2 runs, 1 hit, 0 errors, 1 left on base; Greenville 7 - Beloit 4 |
TOP OF THE 8TH |
Greenville Drive batting - Pitching for Beloit Snappers : RHP Alec Bassett
|
Batting: RHB David Norum
|
0-0: Ball 1-0: Foul Ball, location: 2F 1-1: SINGLE (Groundball, 13S, EV 63.8 MPH) (infield hit)
|
Batting: SHB Carter Cromsie
|
0-0: Ball 1-0: Called Strike David Norum steals 2nd base 1-1: Intentional Walk
|
Batting: RHB Larry Brocato
|
0-0: Ball David Norum is caught stealing 3rd base 2-5 1-0: Foul Ball, location: 2F 1-1: Called Strike 1-2: Strikes out looking
|
Batting: RHB Joe Sandoval
|
0-0: Ball 1-0: Foul Ball, location: 2F 1-1: DOUBLE (Line Drive, 9LM, EV 98.8 MPH) Carter Cromsie to third Runner from 3rd tries for Home, SAFE, throw by RF to trailing runner, SAFE at third!
|
Batting: RHB Ted Emmerich
|
0-0: Foul Ball, location: 2F 0-1: Ball 1-1: Ground out U3 (Groundball, 34, EV 88.8 MPH)
|
Top of the 8th over - 1 run, 2 hits, 0 errors, 1 left on base; Greenville 8 - Beloit 4 |
BOTTOM OF THE 8TH |
Beloit Snappers batting - Pitching for Greenville Drive : LHP Chris Deans
|
Batting: LHB Henry Hutson
|
0-0: Ball 1-0: Ball 2-0: Ball 3-0: Swinging Strike 3-1: Foul Ball, location: 2F 3-2: Foul Ball, location: 2F 3-2: Strikes out looking
|
Batting: SHB John Cummings
|
0-0: Swinging Strike 0-1: Ground out 3-1 (Groundball, 34, EV 81.9 MPH)
|
Batting: RHB Casey Nicita
|
0-0: Foul Ball, location: 2F 0-1: Called Strike 0-2: Ground out 5-3 (Groundball, 56, EV 85.6 MPH)
|
Bottom of the 8th over - 0 runs, 0 hits, 0 errors, 0 left on base; Greenville 8 - Beloit 4 |
TOP OF THE 9TH |
Greenville Drive batting - Pitching for Beloit Snappers : RHP Alec Bassett
|
Pitching: RHP Jaylen Walker
|
|
Batting: LHB Nelis Geurts
|
0-0: Ball 1-0: Called Strike 1-1: Called Strike 1-2: Ball 2-2: Ground out 6-3 (Groundball, 6, EV 99.4 MPH)
|
Batting: LHB John Criswell
|
0-0: Ball 1-0: Ball 2-0: Called Strike 2-1: Fly out, F8 (Flyball, 8RD, EV 110.0 MPH)
|
Batting: RHB Mike Batko
|
0-0: Ball 1-0: Ball 2-0: Foul Ball, location: 2F 2-1: Ball 3-1: Base on Balls
|
Batting: RHB Josh Helman
|
0-0: Called Strike 0-1: Ball Mike Batko steals 2nd base 1-1: Foul Ball, location: 2F 1-2: Foul Ball, location: 2F 1-2: Fly out, F9 (Flyball, 9S, EV 95.6 MPH)
|
Top of the 9th over - 0 runs, 0 hits, 0 errors, 1 left on base; Greenville 8 - Beloit 4 |
BOTTOM OF THE 9TH |
Beloit Snappers batting - Pitching for Greenville Drive : LHP Chris Deans
|
Pitching: RHP Eddie Mosley
|
|
Batting: RHB Josh Whaley
|
0-0: Swinging Strike 0-1: Ball 1-1: Ball 2-1: Ball 3-1: Called Strike 3-2: Foul Ball, location: 2F 3-2: Strikes out swinging
|
Batting: LHB Larry Prey
|
0-0: Foul Ball, location: 2F 0-1: Ground out 5-3 (Groundball, 56, EV 101.9 MPH)
|
Batting: RHB Rick Linders
|
0-0: Ball 1-0: Ball 2-0: Fly out, F7 (Flyball, 78M, EV 89.4 MPH)
|
Bottom of the 9th over - 0 runs, 0 hits, 0 errors, 0 left on base; Greenville 8 - Beloit 4 |
|